 Dungeon Crawl Stone Soup version 0.20.1-1-g8b1a95d (webtiles) character file.

14837 Savaroth the Cleaver (level 11, -4/104 HPs)
             Began as a Minotaur Berserker on Aug 5, 2017.
             Was a High Priest of Trog.
             Shot with an arrow by Nessos (7 damage)
             ... on level 12 of the Dungeon.
             The game lasted 00:29:35 (9501 turns).

Savaroth the Cleaver (Minotaur Berserker)           Turns: 9501, Time: 00:29:37

Health: -4/104     AC: 12    Str: 22    XL:     11   Next: 94%
Magic:  10/10      EV: 17    Int:  4    God:    Trog [*****.]
Gold:   773        SH:  0    Dex: 13    Spells: 10/10 levels left

rFire    . . .     SeeInvis .   r - +1 battleaxe (vamp)
rCold    . . .     Gourm    .   (shield currently unavailable)
rNeg     . . .     Faith    +   I - +0 plate armour
rPois    .         Spirit   .   (helmet restricted)
rElec    .         Reflect  .   k - +0 cloak
rCorr    .         Harm     .   (no gloves)
MR       .....                  y - +2 pair of boots
Stlth    ..........             b - amulet of faith
Regen    0.3/turn               i - +6 ring of slaying
MPRegen  0.2/turn               j - +5 ring of evasion

@: lethally poisoned (-4 -> -38), corroded
A: retaliatory headbutt, horns 2
a: Berserk, Trog's Hand, Brothers in Arms, Burn Spellbooks, Renounce Religion


You were on level 12 of the Dungeon.
You worshipped Trog.
Trog was extremely pleased with you.
You were not hungry.

You visited 1 branch of the dungeon, and saw 12 of its levels.
You also visited: Ossuary.

You collected 773 gold pieces.

Inventory:

Hand Weapons
 r - a +1 vampiric battleaxe (weapon)
 R - a +2 antimagic battleaxe
Armour
 k - a +0 cloak (worn)
 y - a +2 pair of boots (worn)
 I - a +0 plate armour (worn)
Jewellery
 b - an amulet of faith (around neck)
 i - a +6 ring of slaying (left hand)
 j - a +5 ring of evasion (right hand)
 q - an uncursed ring of protection from fire
 w - a +4 ring of dexterity
 O - an uncursed ring of protection from cold
Wands
 E - a wand of acid (4/15)
 L - a wand of random effects (30/48)
Scrolls
 a - a scroll of torment {unknown}
 d - 12 scrolls of identify
 g - 5 scrolls of recharging
 h - a scroll of holy word {unknown}
 s - 8 scrolls of teleportation
 A - 5 scrolls of remove curse
 C - a scroll of magic mapping {unknown}
 G - a scroll of noise {unknown}
 J - a scroll of brand weapon {unknown}
 K - 2 scrolls of enchant weapon
 M - a scroll of fog {unknown}
 P - a scroll of summoning {unknown}
Potions
 e - 3 potions of might
 l - 3 potions of resistance {unknown}
 m - 2 potions of lignification {unknown}
 n - 6 potions of curing {unknown}
 o - 10 potions of degeneration
 p - 3 potions of heal wounds {unknown}
 u - 2 potions of magic {unknown}
 z - 3 potions of mutation {unknown}
 D - a potion of brilliance {unknown}
 N - a potion of agility
Comestibles
 c - 8 bread rations
 t - 8 fruits
 x - 8 meat rations
 H - 10 royal jellies
 Q - 2 chunks of flesh


   Skills:
 + Level 11.9 Fighting
 + Level 12.0 Axes
 + Level 11.7 Armour
 + Level 11.0 Dodging


You had 10 spell levels left.
You didn't know any spells.

Dungeon Overview and Level Annotations

Branches:
Dungeon (12/15)            Temple (0/1) D:4            Lair (0/6) D:9
    Orc (0/2) D:10

Altars:
Dithmenos
Hepliaklqana
Makhleb
Xom

Shops:
D:10 ?   D:12 [

Annotations:
D:12 1 runed door, Nessos


Innate Abilities, Weirdness & Mutations

You reflexively headbutt those who attack you in melee.
You have a pair of horns on your head.


Message History

Nessos zaps a wand.
The bolt of acid hits you! The acid corrodes you!
You are splashed with acid!
The acid burns!
Your stone giant goes berserk!
You feel somewhat more hungry.
Nessos shoots an arrow.
The arrow hits you! The arrow burns you.
You are poisoned.
Nessos shoots an arrow.
The arrow barely misses you.
You feel sick.
You feel sick.
Nessos stands on his hind legs for a moment.
Nessos shoots an arrow.
The arrow hits you!
* * * LOW HITPOINT WARNING * * *
The arrow burns you.
You are more poisoned.
* * * LOW HITPOINT WARNING * * *
Nessos shoots an arrow.
The arrow hits you!
* * * LOW HITPOINT WARNING * * *
The arrow burns you!
You are more poisoned.
You die...

#... #8.∩.8#
#...###.⌠.⌠.
......8.8. ....c...#
#....# #....# #(C..#
#.###....# #...@.(..#
#........#
#........############
#..>.................
#............##...(..
#............##......
#.###........##.....#
#. #..........<....#
#...............#


You could see Nessos and a friendly stone giant (berserk).

Vanquished Creatures
  A centaur warrior (D:10)
  Erica (D:8)
  Pikel (D:7)
  3 ugly things
  4 centaur skeletons
  A komodo dragon (D:10)
  A gargoyle (D:11)
  A kobold demonologist (D:10)
  An efreet (D:11)
  2 hellwings (D:10)
  3 trolls
  Sigmund (D:5)
  4 yaks (D:9)
  Grum (D:9)
  A hog (D:9)
  A human (D:9)
  2 wraiths
  A wyvern (D:11)
  A hungry ghost (D:11)
  Edmund (D:4)
  Menkaure (D:6)
  Duvessa (D:4)
  2 soldier ants
  2 water moccasins (D:8)
  A swamp drake (D:10)
  8 orc warriors
  A porcupine (D:9)
  An ice beast (D:9)
  4 sky beasts
  A phantom (D:4)
  4 black bears
  2 wolves (D:9)
  7 ogres
  2 crocodiles (D:9)
  2 elf zombies (Ossuary)
  6 bullfrogs
  A wyvern zombie (D:8)
  A wyvern skeleton (D:7)
  Dowan (D:4)
  A scorpion (D:9)
  3 wights (D:11)
  6 howler monkeys
  A quasit (D:9)
  3 centaur zombies
  5 crimson imps
  2 hounds
  3 jellies
  8 orc priests
  10 orc wizards
  2 worker ants
  4 iguanas
  Ijyb (D:5)
  A hound zombie (D:6)
  2 hound skeletons
  2 mummies (Ossuary)
  A worker ant zombie (D:6)
  4 gnolls
  13 adders
  5 shadow imps (D:10)
  An ooze (D:3)
  3 adder zombies (Ossuary)
  2 adder skeletons
  3 worms
  12 leopard geckos
  51 orcs
  3 ball pythons
  9 bats
  8 giant cockroaches
  10 goblins
  3 hobgoblins
  16 jackals
  6 quokkas
  6 frilled lizards
  8 hobgoblin zombies (Ossuary)
  A jackal skeleton (D:8)
  2 jackal zombies (Ossuary)
  4 kobolds
  11 kobold zombies (Ossuary)
  A leopard gecko skeleton (D:5)
  A leopard gecko zombie (D:6)
  8 orc zombies (Ossuary)
  A quokka zombie (D:7)
  12 rats
  A rat zombie (Ossuary)
  5 fungi (D:9)
  2 plants (D:9)
  A withered plant (D:10)
348 creatures vanquished.

Vanquished Creatures (others)
  7 fungi (D:9)
  A withered plant (D:10)
8 creatures vanquished.

Grand Total: 356 creatures vanquished

Notes
Turn   | Place    | Note
-------+----------+-------------------------------------------
     0 | D:1      | Savaroth the Minotaur Berserker began the quest for the Orb.
     0 | D:1      | Reached XP level 1. HP: 19/19 MP: 0/0
   147 | D:1      | Reached skill level 4 in Axes
   147 | D:1      | Reached XP level 2. HP: 27/27 MP: 1/1
   619 | D:1      | Reached XP level 3. HP: 30/33 MP: 2/2
   719 | D:2      | Reached ** piety under Trog
  1428 | D:2      | Found a burning altar of Makhleb.
  1430 | D:2      | Found a shattered altar of Ashenzari.
  1430 | D:2      | Found a shimmering altar of Xom.
  1432 | D:2      | Found a hide-covered altar of Uskayaw.
  1432 | D:2      | Found a shadowy altar of Dithmenos.
  1432 | D:2      | Found a hazy altar of Hepliaklqana.
  1525 | D:3      | Noticed an orc warrior
  1544 | D:2      | Killed an orc warrior
  1544 | D:2      | Reached XP level 4. HP: 11/41 MP: 3/3
  1544 | D:2      | Reached XP level 5. HP: 13/47 MP: 4/4
  1777 | D:3      | Reached skill level 5 in Axes
  1794 | D:3      | Reached skill level 5 in Fighting
  1999 | D:3      | Reached *** piety under Trog
  2059 | D:3      | Reached XP level 6. HP: 56/56 MP: 5/5
  2274 | D:4      | Noticed Dowan
  2286 | D:4      | Killed Dowan
  2287 | D:4      | Noticed Duvessa
  2300 | D:4      | Killed Duvessa
  2508 | D:4      | Reached skill level 5 in Armour
  2508 | D:4      | Reached XP level 7. HP: 54/61 MP: 6/6
  2669 | D:4      | Reached skill level 6 in Axes
  2710 | D:4      | Reached skill level 5 in Dodging
  2728 | D:4      | Found a staircase to the Ecumenical Temple.
  2773 | D:4      | Noticed Edmund
  2791 | D:4      | Killed Edmund
  2886 | D:4      | Reached **** piety under Trog
  3293 | D:5      | Entered Level 5 of the Dungeon
  3358 | D:5      | Reached XP level 8. HP: 47/71 MP: 7/7
  3366 | D:5      | Reached skill level 7 in Axes
  3466 | D:5      | Noticed Ijyb
  3476 | D:5      | Killed Ijyb
  3748 | D:5      | Noticed Sigmund
  3754 | D:5      | Received a gift from Trog
  3759 | D:5      | Killed Sigmund
  4404 | D:6      | Found a shadowy altar of Dithmenos.
  4550 | D:6      | Noticed Menkaure
  4556 | D:6      | Killed Menkaure
  4693 | D:6      | Reached skill level 8 in Axes
  4892 | D:6      | Reached XP level 9. HP: 80/80 MP: 8/8
  5351 | D:7      | Noticed Pikel
  5357 | D:7      | Killed Pikel
  5695 | D:7      | Found a burning altar of Makhleb.
  5874 | D:8      | Noticed Erica
  5882 | D:8      | Killed Erica
  5882 | D:8      | Received a gift from Trog
  5882 | D:8      | Reached skill level 9 in Axes
  6023 | D:8      | Found a sand-covered staircase.
  6028 | Ossuary  | Entered an ossuary
  6092 | Ossuary  | Reached ***** piety under Trog
  6137 | Ossuary  | Reached XP level 10. HP: 91/91 MP: 9/9
  6299 | D:8      | Got a scorched buckler
  6756 | D:8      | Identified the cursed +0 buckler of Theory {Int+3 Stlth+} (You found it on level 8 of the Dungeon)
  6950 | D:9      | Found a staircase to the Lair.
  6974 | D:9      | Reached skill level 10 in Axes
  6980 | D:9      | Reached skill level 10 in Fighting
  7067 | D:9      | You fall through a shaft for 2 floors!
  7073 | D:11     | Noticed a brown ugly thing
  7087 | D:11     | Killed a brown ugly thing
  7087 | D:11     | Reached skill level 10 in Armour
  7184 | D:11     | Noticed a purple ugly thing
  7190 | D:11     | Killed a purple ugly thing
  7207 | D:10     | Entered Level 10 of the Dungeon
  7240 | D:9      | Noticed Grum
  7244 | D:9      | Received a gift from Trog
  7249 | D:9      | Killed Grum
  7362 | D:9      | Reached XP level 11. HP: 101/101 MP: 10/10
  7876 | D:10     | Reached skill level 10 in Dodging
  7887 | D:10     | Reached skill level 11 in Axes
  7923 | D:10     | Noticed a centaur warrior
  7942 | D:10     | Killed a centaur warrior
  7953 | D:10     | Found Mobi's Magic Scroll Boutique.
  8249 | D:10     | Found a staircase to the Orcish Mines.
  8897 | D:11     | Reached ****** piety under Trog
  9283 | D:12     | Noticed a cyan ugly thing
  9301 | D:12     | Killed a cyan ugly thing
  9426 | D:12     | Found a runed door.
  9437 | D:12     | Received a gift from Trog
  9480 | D:12     | Reached skill level 12 in Axes
  9489 | D:12     | Found Ydiath's Antique Armour Shop.
  9491 | D:12     | Noticed Nessos
  9501 | D:12     | HP: 3/104 [Nessos/arrow (17)]
  9501 | D:12     | Shot with an arrow by Nessos

Skill      XL: |  1  2  3  4  5  6  7  8  9 10 11 |
---------------+----------------------------------+-----
Axes           | 4 5 6 8 9 10 12 | 12.0
Fighting       | 4 5 6 7 9 10 11 | 11.9
Armour         | 3 4 5 6 7 9 10 11 | 11.7
Dodging        | 3 4 5 6 8 9 11 | 11.0

Action                   |  1- 3 |  4- 6 |  7- 9 | 10-12 || total
-------------------------+-------+-------+-------+-------++-------
Melee: Hand axe          |    61 |    72 |   132 |       ||   265
       Headbutt          |     7 |     9 |    37 |    82 ||   135
       War axe           |       |       |    96 |   126 ||   222
       Battleaxe         |       |       |       |   190 ||   190
Invok: Berserk           |     1 |     1 |     2 |       ||     4
       Burn Spellbooks   |       |       |       |     2 ||     2
       Brothers in Arms  |       |       |       |     1 ||     1
  Use: Scroll            |       |       |     8 |     2 ||    10
  Eat: Chunk             |     2 |     5 |    13 |     9 ||    29
       Bread ration      |       |       |       |     2 ||     2
Armor: Animal skin       |     6 |       |       |       ||     6
       Chain mail        |    11 |    22 |    58 |       ||    91
       Plate armour      |       |       |     8 |   150 ||   158
Dodge: Dodged            |    50 |    48 |   133 |   261 ||   492
